 Seeded DCSS version 0.29-a0-541-gaf1fc19f1b (webtiles) character file.

Game seed: 5998305543906830551 (custom seed)

9 swifteh the Skirmisher (level 2, 0/24 HPs)
             Began as a Demonspawn Abyssal Knight on June 2, 2022.
             Was a Believer of Lugonu.
             Slain by a jackal (2 damage)
             ... on level 1 of the Dungeon.
             The game lasted 00:01:11 (376 turns).

swifteh the Skirmisher (Demonspawn Abyssal Knight)   Turns: 376, Time: 00:01:11

Health: 0/24       AC:  3    Str: 13    XL:     2   Next: 3%
Magic:  3/3        EV: 11    Int: 11    God:    Lugonu [**....]
Gold:   0          SH:  0    Dex: 13    Spells: 1/1 levels left

rFire   . . .      SeeInvis .   a - +1 mace
rCold   . . .      Faith    .   (no shield)
rNeg    . . .      Spirit   .   b - +0 leather armour
rPois   .          Reflect  .   (no helmet)
rElec   .          Harm     .   (no cloak)
rCorr   .          Rampage  .   (no gloves)
Will    .....                   (no boots)
Stlth   +.........              (no amulet)
HPRegen 0.08/turn               (no ring)
MPRegen 0.08/turn               (no ring)

@: no status effects
A: demonic touch 1
a: Renounce Religion, Depart the Abyss, Bend Space


You were on level 1 of the Dungeon.
You worshipped Lugonu.
Lugonu was pleased with you.
You visited 1 branch of the dungeon, and saw 1 of its levels.
You visited the Abyss 1 time.

Inventory:

Hand Weapons
 a - a +1 mace (weapon)
Armour
 b - a +0 leather armour (worn)
Scrolls
 c - a scroll of blinking {unknown}
 d - a scroll of enchant armour {unknown}
 e - a scroll of fear {unknown}


   Skills:
 + Level 3.2 Fighting
 + Level 1.9 Maces & Flails
 + Level 1.7 Armour
 + Level 1.1 Dodging
 + Level 0.5 Stealth
 + Level 2.4 Invocations


You had one spell level left.
You didn't know any spells.
Your spell library was empty.

Dungeon Overview and Level Annotations

Branches:
Dungeon (1/15)

Altars:


Innate Abilities, Weirdness & Mutations

Your touch may inflict minor irresistible damage on your foes.


Message History

The jackal bites you but does no damage.
The hobgoblin hits you.
You hit the jackal.
You kill the jackal!
Lugonu accepts your kill.
The jackal bites you but does no damage.
The jackal barely misses you. The hobgoblin misses you.
The jackal closely misses you. The jackal barely misses you.
Your Dodging skill increases to level 1!
You closely miss the jackal. The jackal completely misses you.
The jackal misses you.
The hobgoblin hits you but does no damage.
The jackal closely misses you.
The jackal bites you but does no damage.
The hobgoblin barely misses you.
You hit the jackal.
The jackal is heavily wounded.
The jackal misses you. The jackal closely misses you.
The jackal barely misses you. The hobgoblin hits you.
* * * LOW HITPOINT WARNING * * *
You hit the jackal.
You kill the jackal!
Lugonu accepts your kill. The jackal barely misses you.
The hobgoblin misses you. The jackal completely misses you.
The hobgoblin closely misses you.
You barely miss the hobgoblin. The jackal bites you.
* * * LOW HITPOINT WARNING * * *
The hobgoblin barely misses you. The jackal closely misses you.
You hit the hobgoblin.
You kill the hobgoblin!
Lugonu accepts your kill. The jackal barely misses you.
The jackal closely misses you.
You have reached level 2!
Your demonic ancestry asserts itself...
Your hands begin to faintly glow with unholy energy.
You hit the jackal. Your touch misses the jackal.
The jackal is moderately wounded.
The jackal bites you.
You die...

#..................
#..................####
#...8..∩.._.....∩......
...............!...?...
#....................
#.♣.)∩..∩..8..∩......
####......÷......)......
.....................>..
###..8..∩.....∩.@†......
#.).........$.h.......
#...............######
###.)∩..♣..∩.....8#
..##...############
....#### ..#.# ..#.#
..#.#


You could see a jackal.

Vanquished Creatures
  A goblin (D:1)
  A hobgoblin (D:1)
  2 jackals (D:1)
  2 kobolds (D:1)
  A ball python (D:1)
7 creatures vanquished.

Notes
Turn   | Place    | Note
-------+----------+-------------------------------------------
     0 | Abyss:1  | swifteh the Demonspawn Abyssal Knight began the quest for
                  | the Orb.
     0 | Abyss:1  | Reached XP level 1. HP: 18/18 MP: 2/2
     0 | D:1      | Escaped the Abyss
   128 | D:1      | Found a faded altar of an unknown god.
   145 | D:1      | Reached ** piety under Lugonu
   370 | D:1      | Reached skill level 1 in Dodging
   376 | D:1      | Gained mutation: Your touch may inflict minor irresistible
                  | damage on your foes. [demonic ancestry]
   376 | D:1      | Reached XP level 2. HP: 2/24 MP: 3/3
   376 | D:1      | Slain by a jackal

Illustrated notes

Levels and vault maps discovered:
D:1:      nzn_arrival_crosshair, layout_basic,
          hellmonk_ecumenical_altar_arch_garden

Skill      XL: |  1 |
---------------+----+-----
Dodging        | 1 |  1.1
Fighting       | |  3.2
Maces & Flails | |  1.9
Armour         | |  1.7
Stealth        | |  0.5
Invocations    | |  2.4

Action                   || total
-------------------------++-------
Melee: Mace              ||    24
Invok: Depart the Abyss  ||     1
Armor: Leather armour    ||    15
Dodge: Dodged            ||    49

Table legend: (Time is in decaauts)
 A = Elapsed time spent in this place.
 B = Non-inter-level travel time spent in this place.
 C = Inter-level travel time spent in this place.
 D = Time resting spent in this place.
 E = Time spent auto-exploring this place.
 F = Levels seen in this place.
 G = Mean time per level.
                   A        B        C        D        E       F      G
               +--------+--------+--------+--------+--------+-----+--------+
         Total |    382 |    382 |      0 |    201 |    109 |   2 |  191.0 |
       Dungeon |    382 |    382 |      0 |    201 |    109 |   1 |  382.0 |
         Abyss |      0 |      0 |      0 |      0 |      0 |   1 |    0.0 |
               +--------+--------+--------+--------+--------+-----+--------+

Top non-repeatable levels by time:
     D:1: 382 daAuts
